 Dungeon Crawl Stone Soup version 0.31.0-11-ge490571c62 (webtiles) character file.

Game seed: 14734760498889398950

1827 Gadfly the Insei (level 8, -2/53 (61) HPs)
             Began as a Demonspawn Monk on Feb 2, 2024.
             Was a Follower of Ru.
             Slain by a wight
             ... wielding a +3 great sword
              (14 damage)
             ... on level 7 of the Dungeon.
             The game lasted 00:09:03 (5506 turns).

Gadfly the Insei (Demonspawn Monk)                  Turns: 5506, Time: 00:09:04

HP:   -2/53 (61)    AC: 11    Str: 14    XL:     8   Next: 86%
MP:   8/8           EV: 14    Int: 11    God:    Ru [*.....]
Gold: 293           SH:  0    Dex: 15    Spells: 6/7 levels left

rFire   . .          .
                       - Unarmed
rCold   . . .        (no shield)
rNeg    . . .        a - +0 robe
rPois   .            o - +0 helmet
rElec   .            (no cloak)
rCorr   .            e - +1 pair of gloves
SInv    .            (no boots)
Will    .....        (no amulet)
Stlth   +            (no ring)
HPRegen 0.28/turn    (no ring)
MPRegen 0.11/turn

%: no passive effects
@: sanguine armoured, heavily drained
A: ignite blood 1, spiny 1, no earth magic, no necromancy magic, no alchemy
magic, sanguine armour 1, weakness stinger 1
a: Renounce Religion


You were on level 7 of the Dungeon.
You worshipped Ru.
Ru was aware of your devotion.
You visited 2 branches of the dungeon, and saw 8 of its levels.

You collected 293 gold pieces.

Inventory:

Hand Weapons
 b - a +2 whip of flaming
 v - a +4 trident
Armour
 a - a +0 robe (worn)
 c - an orb of light
 e - a +1 pair of gloves (worn)
 o - a +0 helmet (worn)
Jewellery
 u - a ring of willpower
Talismans
 n - a maw talisman
Wands
 i - a wand of paralysis (2)
 m - a wand of flame (27) (quivered)
Scrolls
 f - 2 scrolls of teleportation
 k - 4 scrolls of identify
 l - a scroll of immolation
 q - a scroll of blinking
 s - a scroll of poison
Potions
 d - 2 potions of mutation
 g - 5 potions of curing
 h - 4 potions of lignification
 j - a potion of heal wounds
 p - 3 potions of might
 r - a potion of enlightenment
 t - 3 potions of ambrosia


   Skills:
 + Level 4.7 Fighting
 + Level 4.8 Dodging
 * Level 6.2 Unarmed Combat
 + Level 4.6 Evocations
 * Level 4.8 Shapeshifting


You had 6 spell levels left.
You knew the following spells:

 Your Spells              Type           Power      Damage    Failure   Level
a - Apportation           Tloc           0%         N/A       34%         1

Your spell library contained the following spells:

 Spells                   Type           Power      Damage    Failure   Level
 Jinxbite                 Hex            0%         N/A       47%         2
 Summon Ice Beast         Ice/Summ       0%         N/A       71%         3
 Summon Mana Viper        Hex/Summ       0%         N/A       100%        5
 Monstrous Menagerie      Summ           0%         N/A       100%        7
 Alistair's Intoxication  Alch           Unusable   N/A       N/A         5

Dungeon Overview and Level Annotations

Branches:
Dungeon (7/15)             Temple (1/1) D:4

Altars:
Ashenzari
Cheibriados
Dithmenos
Fedhas
Gozag
Hepliaklqana
Kikubaaqudgha
Makhleb
Nemelex Xobeh
Ru
Sif Muna
Trog
Uskayaw
Wu Jian
Yredelemnul
Jiyva


Innate Abilities, Weirdness & Mutations

Your demonic aura sometimes causes spilled blood to erupt in flames.
You are partially covered in sharp spines.
You cannot study or cast Earth magic.
You cannot study or cast Necromancy magic.
You cannot study or cast Alchemy magic.
When seriously injured, your blood forms armour. (AC +6)
You have a small tail.


Message History

A wight comes into view. It is wielding a +3 great sword.
Found a potion of mutation.
A wight is nearby!
A wight is nearby!
A wight comes into view. It is wielding a +0 mace.
Found 2 boomerangs.
Found a snail-covered altar of Cheibriados.
The wight closely misses you.
You hit the wight but do no damage. The wight barely misses you.
The wight attacks as it pursues you! The wight is struck by your spines.
The wight hits you with a +3 great sword!
The wight barely misses you. The wight attacks as it pursues you!
The wight closely misses you.
A wight opens the door.
A kobold brigand comes into view.
It is wielding a +0 whip and quivering poisoned darts.
You hit the wight but do no damage.
The wight is lightly damaged.
The wight hits you with a +3 great sword!
You feel drained.
You hit the wight.
You tail-slap the wight, but do no damage.
The wight is heavily damaged.
The kobold brigand shouts!
You hear a shout!
An orc comes into view. It is wielding a +0 flail.
The orc shouts!
You hit the wight but do no damage.
The wight is heavily damaged.
You hear an angry buzzing noise.
You hear a shout! x2
The wight is struck by your spines.
The wight hits you with a +3 great sword!!
Your blood congeals into armour.
You feel drained. The wight is struck by your spines.
The wight hits you with a +0 mace.
* * * LOW HITPOINT WARNING * * *
The wight hits you with a +3 great sword.
* * * LOW HITPOINT WARNING * * *
You feel drained. The wight attacks as it pursues you!
The wight completely misses you. The wight attacks as it pursues you!
The wight barely misses you.
The wight hits you with a +3 great sword!
You die...

#...............###
#.......K.#'##.....
#...>.....#..###...
#.........#.o# #..
#....o....###. ..
#.........# #K .
#..z......# ..
#..z...[..# ##
#.@.......#
#.<..#....#
#....#.####
#....#.# #....#.##
#.......########
#....#..........
#....#......#.
#....##.....#


You could see a kobold brigand, 2 wights and an orc.

Vanquished Creatures
  Pikel (D:5)
  Grinder (D:3)
  Sigmund (D:6)
  An ice beast (D:5)
  A sky beast (D:6)
  2 ogres (D:4)
  A lemure (D:6)
  A bullfrog (D:5)
  A scorpion (D:6)
  A wight (D:7)
  A howler monkey (D:7)
  2 hounds
  A jelly (D:4)
  2 sleepcaps (D:5)
  Jessica (D:2)
  An orc wizard (D:4)
  5 iguanas
  A gnoll (D:2)
  7 adders
  A ribbon worm (D:4)
  3 dart slugs
  8 orcs
  4 bats
  5 endoplasms
  2 giant cockroaches
  5 goblins
  5 hobgoblins
  6 kobolds
  5 quokkas
  7 ball pythons
  2 frilled lizards
  6 rats
91 creatures vanquished.

Notes
Turn   | Place    | Note
-------+----------+-------------------------------------------
     0 | D:1      | Gadfly the Demonspawn Monk began the quest for the Orb.
     0 | D:1      | Reached XP level 1. HP: 18/18 MP: 1/1
   172 | D:1      | Gained mutation: You are partially covered in sharp spines.
                  | [demonic ancestry]
   172 | D:1      | Reached XP level 2. HP: 16/24 MP: 2/2
   389 | D:1      | Reached skill level 1 in Evocations
   812 | D:1      | Found a faded altar of an unknown god.
   984 | D:2      | Reached skill level 3 in Unarmed Combat
   984 | D:2      | Reached XP level 3. HP: 26/29 MP: 3/3
  1096 | D:2      | Reached skill level 1 in Shapeshifting
  1305 | D:2      | Noticed Jessica
  1310 | D:2      | Killed Jessica
  1311 | D:2      | Gained mutation: When seriously injured, your blood forms
                  | armour. (AC +6) [demonic ancestry]
  1311 | D:2      | Reached XP level 4. HP: 23/35 MP: 4/4
  2119 | D:3      | Found a basalt altar of Yredelemnul.
  2329 | D:3      | Noticed Grinder
  2349 | D:3      | Killed Grinder
  2350 | D:3      | Reached skill level 4 in Unarmed Combat
  2350 | D:3      | Gained mutation: Your demonic aura sometimes causes spilled
                  | blood to erupt in flames. [demonic ancestry]
  2350 | D:3      | Reached XP level 5. HP: 10/41 MP: 5/5
  2350 | D:3      | Reached XP level 6. HP: 11/47 MP: 6/6
  2835 | D:4      | Found a sacrificial altar of Ru.
  2838 | D:4      | Found a shimmering blue altar of Sif Muna.
  2843 | D:4      | Became a worshipper of Ru the Awakened
  3100 | D:4      | Reached XP level 7. HP: 21/52 MP: 7/7
  3220 | D:4      | Identified the +0 ring mail of Xeoxtes {Dex+3}
  3278 | D:4      | Found a staircase to the Ecumenical Temple.
  3545 | Temple   | Entered the Ecumenical Temple
  3635 | D:5      | Entered Level 5 of the Dungeon
  3720 | D:5      | Found a shadowy altar of Dithmenos.
  3976 | D:5      | Found a sparkling altar of Nemelex Xobeh.
  4346 | D:6      | Noticed Pikel
  4364 | D:5      | Killed Pikel
  4365 | D:5      | Reached skill level 5 in Unarmed Combat
  4365 | D:5      | Gained mutation: You have a small tail. [demonic ancestry]
  4365 | D:5      | Reached XP level 8. HP: 30/60 MP: 8/8
  4748 | D:6      | Noticed Sigmund
  4751 | D:6      | Killed Sigmund
  4820 | D:6      | Reached skill level 6 in Unarmed Combat
  5283 | D:6      | Learned a level 1 spell: Apportation
  5349 | D:7      | Gained mutation: You cannot study or cast Earth magic. [Ru
                  | sacrifice]
  5349 | D:7      | Gained mutation: You cannot study or cast Alchemy magic.
                  | [Ru sacrifice]
  5349 | D:7      | Gained mutation: You cannot study or cast Necromancy magic.
                  | [Ru sacrifice]
  5349 | D:7      | Reached * piety under Ru
  5482 | D:7      | Found a snail-covered altar of Cheibriados.
  5506 | D:7      | Slain by a wight

Illustrated notes

Levels and vault maps discovered:
D:1:      saegor_arrival_simple_d, layout_loops_ring,
          shapermc_ecumenical_altar_petra, dk_noncrumbling_2, st_stairs_14,
          hangedman_feature_mirror
D:2:      layout_loops_ring, minmay_small_reverse_x, uniq_jessica
D:3:      layout_basic, amcnicky_altar_gilded, uniq_grinder
D:4:      layout_cave_pools, grunt_temple_overflow_open,
          minmay_temple_entry_arrows, supply_closet_lemuel
D:5:      layout_cave_pools, grunt_dithmenos_smoke, nemelex_spade_bored_becter
D:6:      layout_gridville, uniq_pikel, uniq_sigmund
D:7:      minmay_s_stair_smasher, layout_basic, mainiacjoe_overflow_tiny_flanked
Temple:   pf_slime_end_temple

Skill      XL: |  1  2  3  4  5  6  7  8 |
---------------+-------------------------+-----
Evocations     | 1 3 4 |  4.6
Unarmed Combat | 3 4 5 6 |  6.2
Shapeshifting  | 1 2 4 |  4.8
Dodging        | 3 4 |  4.8
Fighting       | 4 |  4.7

Action                     |  1- 3 |  4- 6 |  7- 9 || total
---------------------------+-------+-------+-------++-------
  Melee: Unarmed           |    74 |    70 |   129 ||   273
         Punch             |       |       |     8 ||     8
         Tailslap          |       |       |    10 ||    10
         Whip              |       |       |     2 ||     2
 Invoke: Reject Sacrifices |       |     1 |       ||     1
         Sacrifice Arcana  |       |       |     1 ||     1
    Use: Scroll            |     2 |     6 |     6 ||    14
         Potion            |       |     2 |     1 ||     3
   Stab: Sleeping          |       |       |     2 ||     2
 Armour: Robe              |    26 |    25 |    72 ||   123
  Dodge: Dodged            |    43 |    37 |    85 ||   165
